cohdb
Replays
Latest Replays
All Replays
Popular Replays
Top Player Replays
Match Explorer
How It Works
Community
CoH3 Stats
Reddit
Sign in to upload your games and track your stats! →
Sign in with Steam
Match 45565867
Unlisted
Match 45565867
Overview
Messages
Build Orders
End
Construct Weapon Support Center
Scout Squad
M1919 Machine Gun Team
M1919 Machine Gun Team
Engineer Squad
M1919 Machine Gun Team
Selects Advanced Infantry Battlegroup
Selects Ammunition Storage
Infantry Support Center
M3 Armored Personnel Carrier
M3 Armored Personnel Carrier
M3 Armored Personnel Carrier
M1919 Machine Gun Team
Engineer Squad
Selects M2A1 105mm Howitzer Emplacement
.30 cal Machine Gun
.30 cal Machine Gun
.30 cal Machine Gun
Selects Free Fire Drills
.30 cal Machine Gun
.30 cal Machine Gun
.30 cal Machine Gun
M3 Armored Personnel Carrier
.30 cal Machine Gun
Seiun Sky
Ginka
楠子
MindfulRaptor
l The Hero l
nispe
0
0
Comments
sign in to comment!
No comments posted yet!